 Dungeon Crawl Stone Soup version 0.17-a0-1711-gc5340a3 (webtiles) character file.

389 urechis the Chiller (level 6, -3/41 HPs)
             Began as a Merfolk Ice Elementalist on Aug 22, 2015.
             Slain by an ice beast (6 damage)
             ... on level 5 of the Dungeon.
             The game lasted 00:07:24 (4628 turns).

urechis the Chiller (Merfolk Ice Elementalist)      Turns: 4628, Time: 00:07:24

Health: -3/41      AC:  8    Str: 13    XL:     6   Next: 79%
Magic:  2/12       EV: 13    Int: 14    God:
Gold:   235        SH:  0    Dex: 15    Spells: 3 memorised, 5 levels left

rFire  . . .     SeeInvis .     o - +1 spear
rCold  . . .     Clarity  .     a - +0 robe
rNeg   + . .     SustAt   .     (no shield)
rPois  .         Gourm    .     A - +1 helmet
rElec  .         Spirit   .     (no cloak)
rCorr  .         Warding  +     n - +2 pair of gloves {Str+3}
rMut   .         Stasis   .     h - +0 pair of boots
MR     .....                    m - amulet of warding
Stlth  ++........               (no ring)
                                (no ring)

@: not resistant to hostile enchantments, unstealthy
A: change form in water, swift swim
a: no special abilities


You were on level 5 of the Dungeon.
You were not hungry.

You visited 2 branches of the dungeon, and saw 6 of its levels.

You collected 235 gold pieces.

Inventory:

Hand weapons
 o - a +1 spear (weapon)
Armour
 a - a +0 robe (worn)
 h - a +0 pair of boots (worn)
 n - a +2 pair of gloves of strength (worn)
 A - a +1 helmet (worn)
Jewellery
 m - an amulet of warding (around neck)
Magical devices
 s - a wand of digging (9)
Scrolls
 f - 3 scrolls of teleportation
 g - a scroll of random uselessness {unknown}
 i - a scroll of blinking
 t - 6 scrolls of identify
 u - 3 scrolls of magic mapping {unknown}
 v - a scroll of recharging {unknown}
 y - a scroll of remove curse
Potions
 e - a potion of lignification {unknown}
 j - a potion of degeneration {unknown}
 k - 2 potions of agility {unknown}
 l - 3 potions of curing
 p - 2 potions of haste {unknown}
 r - 3 potions of brilliance {unknown}
 w - a potion of might {unknown}
 x - a potion of heal wounds {unknown}
 B - a potion of poison {unknown}
Books
 b - a book of Frost

   Spells                             Type                      Level
   a - Freeze                         Ice                          1
   b - Throw Frost                    Conjuration/Ice              2
   c - Ozocubu's Armour               Charms/Ice                   3
   d - Throw Icicle                   Conjuration/Ice              4
   e - Summon Ice Beast               Ice/Summoning                4
   f - Condensation Shield            Ice                          4
Comestibles
 c - 7 bread rations
 d - 4 meat rations
 q - a slice of pizza
 z - a chunk of flesh


   Skills:
 - Level 2.6 Dodging
 - Level 2.1 Stealth
 + Level 4.1 Spellcasting
   Level 0.7 Conjurations
 * Level 6.7 Ice Magic


You had 5 spell levels left.
You knew the following spells:

 Your Spells              Type           Power        Failure   Level  Hunger
a - Freeze                Ice            ###.         1%          1    None
b - Ozocubu's Armour      Chrm/Ice       ##......     17%         3    ###....
c - Condensation Shield   Ice            ###.......   14%         4    ####...


Dungeon Overview and Level Annotations

Branches:
Dungeon (5/15)             Temple (1/1) D:4

Altars:
Ashenzari
Cheibriados
Dithmenos
Elyvilon
Fedhas
Gozag
Kikubaaqudgha
Makhleb
Nemelex Xobeh
Qazlal
Ru
Sif Muna
Trog
Vehumet
Xom
Zin
The Shining One

Shops:
D:3 *

Annotations:
D:5 urechis's ghost, average DsIE


Message History

You are too injured to fight recklessly!
You are too injured to fight recklessly!
You are too injured to fight recklessly!
You are too injured to fight recklessly!
You are too injured to fight recklessly!
You hit the ice beast.
The ice beast is lightly wounded.
The ice beast hits you but does no damage. x2
You closely miss the ice beast.
The ice beast is lightly wounded.
The ice beast hits you.
* * * LOW HITPOINT WARNING * * *
The ice beast freezes you!
* * * LOW HITPOINT WARNING * * *
You closely miss the ice beast.
The ice beast is lightly wounded.
The ice beast hits you.
* * * LOW HITPOINT WARNING * * *
The ice beast freezes you.
You die...

###.#..# .......#
###.##.# ###.# #
#...# ....#
###.######.# # #
#........#.#####.#
###.########)...@Y.#
....# ####.####
#.### #.# ..# #####
#†# ..###...## ##.##
..##.....#####...##
####..............#
# #.....#####(..##
##.†.## ##.##


You could see an ice beast.

Vanquished Creatures
  A wasp (D:5)
  3 hounds
  An orc wizard (D:4)
  A worker ant (D:4)
  8 adders
  A shadow imp (D:5)
  An ooze (D:3)
  2 worms (D:2)
  4 giant geckos
  10 orcs
  11 bats
  5 goblins
  3 hobgoblins (D:2)
  3 jackals (D:5)
  A ball python (D:2)
  3 giant cockroaches
  6 giant newts
  A jackal skeleton (D:4)
  10 kobolds
  5 rats (D:2)
  A plant (D:2)
81 creatures vanquished.

Notes
Turn   | Place    | Note
--------------------------------------------------------------
     0 | D:1      | urechis the Merfolk Ice Elementalist began the quest for the Orb.
     0 | D:1      | Reached XP level 1. HP: 13/13 MP: 3/3
   832 | D:1      | Reached XP level 2. HP: 19/19 MP: 5/5
  1611 | D:2      | Reached skill level 4 in Ice Magic
  1659 | D:2      | Reached XP level 3. HP: 11/24 MP: 6/6
  2179 | D:2      | Reached XP level 4. HP: 15/30 MP: 5/8
  2863 | D:3      | Found a stormy altar of Qazlal.
  2893 | D:3      | Reached skill level 5 in Ice Magic
  2945 | D:3      | Found an opulent altar of Gozag.
  2950 | D:3      | Found Gozag's Platinum Reserve.
  2994 | D:3      | Reached XP level 5. HP: 26/35 MP: 6/9
  3224 | D:4      | Found a glowing silver altar of Zin.
  3224 | D:4      | Noticed an angel
  3521 | D:4      | Learned a level 3 spell: Ozocubu's Armour
  3526 | D:4      | Learned a level 4 spell: Condensation Shield
  3571 | D:4      | Found a staircase to the Ecumenical Temple.
  3707 | Temple   | Entered the Ecumenical Temple
  3889 | D:4      | Reached skill level 6 in Ice Magic
  3889 | D:4      | Reached XP level 6. HP: 31/41 MP: 8/11
  3903 | D:4      | Found a sparkling altar of Nemelex Xobeh.
  3903 | D:4      | Found a glowing golden altar of the Shining One.
  4067 | D:5      | Entered Level 5 of the Dungeon
  4136 | D:5      | Paralysed by a wasp for 3 turns
  4151 | D:5      | HP: 2/41 [poisoned by a wasp]
  4159 | D:5      | HP: 1/41 [poisoned by a wasp]
  4361 | D:5      | Noticed urechis's ghost (average DsIE)
  4628 | D:5      | Slain by an ice beast

Vault maps used:
D:1:      tarquinn_simple_flora_water_a, minmay_close_crescents
D:2:      lexackson_kobold_supper
D:3:      nicolae_gozag_zags_fifth_avenue, grunt_qazlal_sundering, first_bread
D:4:      gammafunk_temple_overflow_statue, zin_angel, minmay_temple_entry_fiery
D:5:      yredelemnul_altar_generic
Temple:   circular_temple_12

Action                   |  1- 3 |  4- 6 || total
-------------------------+-------+-------++-------
Melee: Dagger            |    46 |       ||    46
       Unarmed           |     2 |       ||     2
       Trident           |    29 |       ||    29
       Spear             |    26 |   110 ||   136
 Cast: Freeze            |    34 |    85 ||   119
  Use: Scroll            |     4 |       ||     4
       Potion            |       |     1 ||     1
 Stab: Sleeping          |     1 |     8 ||     9
       Distracted        |       |     2 ||     2
  Eat: Chunk             |     4 |     8 ||    12
